 Dungeon Crawl Stone Soup version 0.29-a0-885-gb26ba3297d (webtiles) character file.

Game seed: 14286382032951200246

121 kevlar127 the Ruffian (level 4, -1/67 HPs)
             Began as a Troll Berserker on July 20, 2022.
             Was a Believer of Trog.
             Slain by a jelly (2 damage)
             ... on level 4 of the Dungeon.
             The game lasted 00:05:52 (2257 turns).

kevlar127 the Ruffian (Troll Berserker)             Turns: 2257, Time: 00:05:53

Health: -1/67      AC: -3    Str: 27    XL:     4   Next: 77%
Magic:  3/3        EV: 10    Int:  9    God:    Trog [**....]
Gold:   115        SH:  0    Dex:  9    Spells: 3/3 levels left

rFire   . . .      SeeInvis .     - Unarmed
rCold   . . .      Faith    .   (no shield)
rNeg    . . .      Spirit   .   a - +0 animal skin
rPois   .          Reflect  .   (helmet restricted)
rElec   .          Harm     .   u - +0 cloak
rCorr   .          Rampage  .   (gloves unavailable)
Will    .....                   (boots unavailable)
Stlth   ..........              (no amulet)
HPRegen 1.01/turn               m - +6 ring of intelligence
MPRegen 0.08/turn               (no ring)

@: berserking, corroded, very quick
A: large, unfitting armour, claws 3, regeneration 1, shaggy fur 1, tough skin 1
a: Renounce Religion, Berserk, Trog's Hand


You were on level 4 of the Dungeon.
You worshipped Trog.
Trog was pleased with you.
You visited 1 branch of the dungeon, and saw 4 of its levels.

You collected 115 gold pieces.

Inventory:

Missiles
 e - 30 stones (quivered)
 o - a boomerang
Armour
 a - a +0 animal skin (worn)
 u - a +0 cloak (worn)
Jewellery
 b - a ring of fire
 m - a +6 ring of intelligence (left claw)
Scrolls
 c - 6 scrolls of identify {unknown}
 g - a scroll of poison {unknown}
 h - a scroll of silence {unknown}
 j - a scroll of enchant weapon {unknown}
 p - a scroll of fear {unknown}
 r - a scroll of magic mapping {unknown}
Potions
 d - a potion of brilliance {unknown}
 f - a potion of haste {unknown}
 i - 2 potions of might {unknown}
 k - 2 potions of lignification {unknown}
 l - 2 potions of heal wounds {unknown}
 n - a potion of curing {unknown}
 q - a potion of berserk rage {unknown}
 s - a potion of mutation {unknown}
 t - 2 potions of resistance {unknown}


   Skills:
 + Level 3.4 Fighting
 + Level 0.0 Armour
 - Level 3.0 Dodging
 + Level 4.2 Unarmed Combat


You had 3 spell levels left.
You didn't know any spells.
Your spell library was empty.

Dungeon Overview and Level Annotations

Branches:
Dungeon (4/15)
 Temple: D:4-7

Altars:
Sif Muna
Uskayaw
Yredelemnul

Shops:
D:2 ([=[(


Innate Abilities, Weirdness & Mutations

You are too large for most types of armour.
You have claws for hands.
Your natural rate of healing is unusually fast.
You are covered in fur. (AC +1)
You have tough skin. (AC +1)


Message History

The shadow imp gestures at you. Pain shoots through your body!
An adder comes into view.
You claw the shadow imp!
The shadow imp is almost dead.
The shadow imp barely misses you.
You completely miss the shadow imp.
The shadow imp is almost dead.
The shadow imp barely misses you. The endoplasm freezes you.
You are frozen.
The jelly closely misses you.
You completely miss the shadow imp.
The shadow imp is almost dead.
You closely miss the shadow imp.
The shadow imp is almost dead.
The jelly closely misses you. The endoplasm freezes you.
You are frozen.
The shadow imp barely misses you.
You closely miss the shadow imp.
The shadow imp is almost dead.
The jelly hits you. The acid corrodes you!
You are splashed with acid!
The shadow imp hits you.
* * * LOW HITPOINT WARNING * * *
The endoplasm freezes you.
You are frozen.
* * * LOW HITPOINT WARNING * * *
A red film seems to cover your vision as you go berserk!
You feel yourself moving faster!
You feel mighty! The jelly hits you.
* * * LOW HITPOINT WARNING * * *
The acid corrodes you!
You are splashed with acid!
* * * LOW HITPOINT WARNING * * *
The shadow imp completely misses you. The endoplasm hits you.
* * * LOW HITPOINT WARNING * * *
You mangle the shadow imp!!
You kill the shadow imp!
Trog accepts your kill. The endoplasm hits you.
* * * LOW HITPOINT WARNING * * *
The jelly hits you.
You die...

...........
#.........
###........# ...
...........## ....
............###....
..................#
......J...........#
......S@..........##
......J..[.........##
.....####....#.......
.... ##.>...#.....
.#. ###......... ..
##.....### .
###.....# ###....#..#
####......##..#


You could see a jelly, an adder and an endoplasm.

Vanquished Creatures
  Terence (D:2)
  4 adders
  A shadow imp (D:4)
  A worm (D:2)
  2 dart slugs
  3 orcs (D:3)
  5 bats
  2 endoplasms (D:2)
  2 giant cockroaches
  5 goblins
  5 hobgoblins
  7 kobolds
  3 quokkas
  2 ball pythons (D:2)
  4 frilled lizards
  7 rats
54 creatures vanquished.

Vanquished Creatures (others)
  2 plants (D:2)
2 creatures vanquished.

Grand Total: 56 creatures vanquished

Notes
Turn   | Place    | Note
-------+----------+-------------------------------------------
     0 | D:1      | kevlar127 the Troll Berserker began the quest for the Orb.
     0 | D:1      | Reached XP level 1. HP: 22/22 MP: 0/0
   161 | D:1      | Reached XP level 2. HP: 29/29 MP: 1/1
   771 | D:2      | Found Gotezeof's Weapon Shop.
   868 | D:2      | Found Gecsuth's Jewellery Boutique.
   880 | D:2      | Reached ** piety under Trog
   881 | D:2      | Reached XP level 3. HP: 28/36 MP: 2/2
   916 | D:2      | Found Xuiweose's Antique Armour Shoppe.
   955 | D:2      | Noticed Terence
   965 | D:2      | Killed Terence
   966 | D:2      | Reached XP level 4. HP: 45/45 MP: 3/3
   968 | D:2      | Found Itseal's Antique Weapon Emporium.
  1173 | D:2      | Reached skill level 4 in Unarmed Combat
  1232 | D:2      | Found Irafad's Armour Boutique.
  1391 | D:3      | Found a shimmering blue altar of Sif Muna.
  1391 | D:3      | Found a basalt altar of Yredelemnul.
  1392 | D:3      | Found a hide-covered altar of Uskayaw.
  2256 | D:4      | HP: 2/67 [endoplasm (2)]
  2257 | D:4      | Slain by a jelly

Illustrated notes

Levels and vault maps discovered:
D:1:      spicycebolla_arrival_ecumenical, layout_basic, minmay_strange_pillars,
          lemuel_another_geyser
D:2:      layout_basic, serial_shops, shop,
          nicolae_shop_temple_entry_statues_fountains,
          nicolae_shop_overgrown_old_shop, nicolae_shop_waterfront,
          nicolae_lakefront_shop, minmay_heptomino_l4, uniq_terence
D:3:      layout_loops_ring, gammafunk_temple_overflow_claw, serial_aquarium,
          aquarium_bridge_square [aquarium_subvault_window,
          aquarium_subvault_bridge, aquarium_subvault_wall,
          aquarium_subvault_bridge], aquarium_window_corner, aquarium_window_2,
          aquarium_view_2c, aquarium_balcony_double_3, aquarium_pool_1
D:4:      layout_layer_cave, serial_shops, nicolae_shop_stone

Skill      XL: |  1  2  3  4 |
---------------+-------------+-----
Dodging        | 3 |  3.0
Fighting       | 3 |  3.4
Unarmed Combat | 4 |  4.2

Action                   |  1- 3 |  4- 6 || total
-------------------------+-------+-------++-------
Melee: Unarmed           |    70 |    61 ||   131
Invok: Berserk           |       |     1 ||     1
 Stab: Sleeping          |       |     1 ||     1
Armor: Animal skin       |    25 |     6 ||    31
Dodge: Dodged            |    32 |    28 ||    60

Table legend: (Time is in decaauts)
 A = Elapsed time spent in this place.
 B = Non-inter-level travel time spent in this place.
 C = Inter-level travel time spent in this place.
 D = Time resting spent in this place.
 E = Time spent auto-exploring this place.
 F = Levels seen in this place.
 G = Mean time per level.
                   A        B        C        D        E       F      G
               +--------+--------+--------+--------+--------+-----+--------+
         Total |   2247 |   2062 |    185 |      0 |   1733 |   4 |  561.8 |
       Dungeon |   2247 |   2062 |    185 |      0 |   1733 |   4 |  561.8 |
               +--------+--------+--------+--------+--------+-----+--------+

Top non-repeatable levels by time:
     D:3: 909 daAuts
     D:1: 767 daAuts
     D:2: 544 daAuts
     D:4: 26 daAuts
